 Dungeon Crawl Stone Soup version 0.28-a0-1594-ga885d4b3d6 (webtiles) character file.

Game seed: 5885358202684261670

651 issech the Skirmisher (level 7, -5/68 HPs)
             Began as a Troll Fighter on Jan 21, 2022.
             Slain by an ogre (10 damage)
             ... on level 5 of the Dungeon.
             The game lasted 00:32:55 (4463 turns).

issech the Skirmisher (Troll Fighter)               Turns: 4463, Time: 00:32:57

Health: -5/68      AC:  4    Str: 25    XL:     7   Next: 28%
Magic:  6/6        EV:  9    Int: 10    God:
Gold:   189        SH:  8    Dex: 11    Spells: 6/6 levels left

rFire   . . .      SeeInvis .   u - +3 whip
rCold   + . .      Faith    .   c - +0 kite shield
rNeg    . . .      Spirit   .   b - +0 robe
rPois   .          Reflect  .   (helmet restricted)
rElec   .          Harm     .   (no cloak)
rCorr   .          Rampage  .   (gloves unavailable)
Will    .....                   (boots unavailable)
Stlth   +.........              (no amulet)
HPRegen 1.01/turn               s - ring of protection from cold
MPRegen 0.10/turn               z - +6 ring of intelligence

@: no status effects
A: large, unfitting armour, claws 3, regeneration 1, shaggy fur 1, tough skin 1
a: no special abilities


You were on level 5 of the Dungeon.
You visited 1 branch of the dungeon, and saw 5 of its levels.

You collected 189 gold pieces.

Inventory:

Hand Weapons
 a - a +0 flail
 i - a +0 arbalest
 n - a +3 dagger
 r - a +0 hunting sling
 u - a +3 whip (weapon)
 x - a +0 mace
 A - a +1 dagger of venom
 C - the +8 dagger of the Owl {freeze, *Slow rC+ Int+3}
   (You found it on level 4 of the Dungeon)

   It freezes those it strikes, dealing additional cold damage.
   It can also slow down cold-blooded creatures.
   Int:       It affects your intelligence (+3).
   rC:        It protects you from cold.
   *Slow:     It may slow you when you take damage.
 D - a +0 giant spiked club
 F - a +0 mace
 G - a +1 rapier of holy wrath
Missiles
 e - 12 arrows
 g - 89 bolts
 k - 9 javelins (quivered)
 m - 119 stones
 q - 6 poisoned darts
 t - 3 boomerangs
 y - 19 sling bullets
Armour
 b - a +0 robe (worn)
 c - a +0 kite shield (worn)
Magical Staves
 h - a staff of death
 j - a staff of fire
Jewellery
 s - a ring of protection from cold (left claw)
 z - a +6 ring of intelligence (right claw)
Scrolls
 B - a scroll of identify
 E - 2 scrolls of vulnerability {unknown}
Potions
 d - 2 potions of might
 f - 2 potions of degeneration
 l - 2 potions of curing
 o - a potion of ambrosia {unknown}
 p - 3 potions of magic
 v - a potion of heal wounds {unknown}
 w - 2 potions of brilliance {unknown}


   Skills:
 + Level 3.6 Fighting
 + Level 3.4 Maces & Flails
 + Level 3.0 Crossbows
 + Level 3.3 Dodging
 + Level 0.9 Stealth
 + Level 3.2 Shields


You had 6 spell levels left.
You didn't know any spells.
Your spell library was empty.

Dungeon Overview and Level Annotations

Branches:
Dungeon (5/15)
 Temple: D:4-7

Altars:
Kikubaaqudgha
Qazlal
Zin

Shops:
D:4 *

Annotations:
D:5 Grinder


Innate Abilities, Weirdness & Mutations

You are too large for most types of armour.
You have claws for hands.
Your natural rate of healing is unusually fast.
You are covered in fur. (AC +1)
You have tough skin. (AC +1)


Message History

u - a +3 whip (weapon)
Unknown command.
There is a stone staircase leading down here.
You climb downwards.
You hear the hiss of flowing sand.
There is an entrance to an ossuary on this level.
Hurry and find it before the portal is buried!
Level annotation: Grinder You hear the slow hiss of an avalanche of sand nearby.
You block the ogre's attack.
Grinder says, "Tell me all your secrets, or I'll kill you."
Grinder hits you but does no damage.
There is a stone staircase leading up here.
You whack Grinder!
Grinder is severely wounded.
The ogre barely misses you.
Grinder blinks!
Grinder gestures at you.
You suddenly lose the ability to move!
The ogre hits you with a +0 giant spiked club!!
Grinder hits you.
You writhe in agony.
The ogre hits you with a +0 giant spiked club!
You can move again.
You barely miss Grinder.
Grinder is severely wounded.
Grinder hits you but does no damage. The ogre barely misses you.
Unknown command.
You hit Grinder.
Grinder is almost dead.
Grinder hits you!
* * * LOW HITPOINT WARNING * * *
You writhe in agony.
* * * LOW HITPOINT WARNING * * *
Unknown command.
You completely miss Grinder.
Grinder is almost dead.
Grinder hits you.
* * * LOW HITPOINT WARNING * * *
You writhe in agony.
* * * LOW HITPOINT WARNING * * *
The ogre hits you with a +0 giant spiked club!
You die...

##....# #.
...... #.#
#...... ..#..
... ... ... #.#
#.# ##.## #.#
#..####...###.#
#....5@O......#
##.####...#####
#...## #.### #.
#. #. #.


You could see Grinder and an ogre.

Vanquished Creatures
  3 ogres (D:4)
  A howler monkey (D:4)
  2 hounds (D:4)
  An iguana (D:4)
  Natasha (twice) (D:2)
  2 orc wizards (D:4)
  8 adders
  An adder skeleton (D:4)
  3 worms
  4 orcs
  15 ball pythons
  6 endoplasms
  7 giant cockroaches
  4 goblins
  9 hobgoblins
  4 jackals (D:2)
  10 kobolds
  A quokka (D:3)
  5 bats
  4 frilled lizards
  5 rats
  A rat zombie (D:3)
98 creatures vanquished.

Vanquished Creatures (others)
  11 plants (D:3)
11 creatures vanquished.

Grand Total: 109 creatures vanquished

Notes
Turn   | Place    | Note
-------+----------+-------------------------------------------
     0 | D:1      | issech the Troll Fighter began the quest for the Orb.
     0 | D:1      | Reached XP level 1. HP: 22/22 MP: 0/0
   261 | D:1      | Reached XP level 2. HP: 27/29 MP: 1/1
  1435 | D:2      | Reached XP level 3. HP: 35/36 MP: 2/2
  1724 | D:2      | Noticed Natasha
  1738 | D:2      | Killed Natasha
  1739 | D:2      | Reached XP level 4. HP: 9/44 MP: 3/3
  1948 | D:2      | Noticed Natasha
  1978 | D:2      | Killed Natasha
  2072 | D:2      | Reached XP level 5. HP: 41/52 MP: 4/4
  2765 | D:3      | Found a faded altar of an unknown god.
  2960 | D:3      | Found a faded altar of an unknown god.
  2968 | D:3      | Found a stormy altar of Qazlal.
  3083 | D:3      | Found an ancient bone altar of Kikubaaqudgha.
  3388 | D:4      | Found a glowing silver altar of Zin.
  3558 | D:4      | Reached skill level 1 in Crossbows
  3558 | D:4      | Reached XP level 6. HP: 61/61 MP: 5/5
  3688 | D:4      | Found Ucsiq Winasa's Assorted Antiques.
  3718 | D:4      | Identified the +8 dagger of the Owl {freeze, *Slow rC+
                  | Int+3}
  4013 | D:4      | Reached XP level 7. HP: 53/67 MP: 6/6
  4362 | D:5      | Entered Level 5 of the Dungeon
  4368 | D:5      | Noticed Grinder
  4386 | D:5      | Paralysed by Grinder for 5 turns
  4458 | D:5      | Paralysed by Grinder for 3 turns
  4463 | D:5      | Slain by an ogre

Illustrated notes

Levels and vault maps discovered:
D:1:      beargit_arrival_diablo_church, layout_basic, minmay_three_crescents
D:2:      layout_basic, uniq_natasha
D:3:      layout_rooms, nicolae_overflow_ecumenical_swirl,
          lemuel_zombie_altar_kikubaaqudgha, dilly_ecumenical_altar_fadedgnrine
D:4:      kennysheep_big_flooded_room, layout_loops_cross, zin_academy,
          serial_shops, nicolae_shop_advertising_works
          [nicolae_subvault_shop_adworks], dk_noncrumbling_2
D:5:      layout_loops_ring, nicolae_ossuary_entry_plus, gammafunk_ghost_grave,
          chequers_serial_rivers_small_a, uniq_menkaure, uniq_grinder

Skill      XL: |  1  2  3  4  5  6  7 |
---------------+----------------------+-----
Maces & Flails | 2 3 |  3.4
Shields        | 3 |  3.2
Dodging        | 3 |  3.3
Fighting       | 3 |  3.6
Crossbows      | 1 2 3 |  3.0
Stealth        | |  0.9

Action                   |  1- 3 |  4- 6 |  7- 9 || total
-------------------------+-------+-------+-------++-------
Melee: Flail             |   153 |    44 |       ||   197
       Whip              |       |    32 |     4 ||    36
       Dagger            |       |       |    16 ||    16
       Arbalest          |       |       |     1 ||     1
 Fire: Arbalest          |       |    62 |    20 ||    82
  Use: Scroll            |     3 |     2 |       ||     5
 Stab: Sleeping          |     1 |       |       ||     1
Armor: Robe              |    73 |    38 |    14 ||   125
Dodge: Dodged            |    78 |    60 |     7 ||   145
Block: Kite shield       |    77 |    27 |     3 ||   107

Table legend: (Time is in decaauts)
 A = Elapsed time spent in this place.
 B = Non-inter-level travel time spent in this place.
 C = Inter-level travel time spent in this place.
 D = Time resting spent in this place.
 E = Time spent auto-exploring this place.
 F = Levels seen in this place.
 G = Mean time per level.
                   A        B        C        D        E       F      G
               +--------+--------+--------+--------+--------+-----+--------+
         Total |   4632 |   4468 |    164 |     69 |   1670 |   5 |  926.4 |
       Dungeon |   4632 |   4468 |    164 |     69 |   1670 |   5 |  926.4 |
               +--------+--------+--------+--------+--------+-----+--------+

Top non-repeatable levels by time:
     D:1: 1393 daAuts
     D:4: 1253 daAuts
     D:2: 1048 daAuts
     D:3: 891 daAuts
     D:5: 45 daAuts
